Lightning vs Sharks
Created - December 6, 2020 at 19:31
Goals
|
| Lightning |
0 |
0 |
1 |
1 |
| Sharks |
1 |
0 |
1 |
2 |
|
Shots
|
| Lightning |
12 |
5 |
8 |
25 |
| Sharks |
15 |
6 |
16 |
37 |
|
1st period
1. Sharks , Jason Spezza 12 (Nick Palmieri 11) at 6:41 (PP)
Penalties :
Niclas Bergfors (TB.) for Holding Stick (Minor) at 6:28
2nd period
No Goal
Penalties :
Nick Palmieri (SJS) for Roughing (Double Minor) at 1:36, Clarke MacArthur (TB.) for Holding (Minor) at 10:47, Jonathan Huberdeau (TB.) for Tripping (Minor) at 12:39, Jesper Fast (TB.) for Roughing (Minor) at 16:19
3rd period
2. Sharks , Oskar Osala 9 (Brandon Dubinsky 5, PK Subban 12) at 12:17
3. Lightning , Jonathan Huberdeau 5 (Brian Flynn 3, Ladislav Smid 3) at 14:49
Penalties :
Nick Palmieri (SJS) for High sticking (Minor) at 2:41, T.J. Hensick (SJS) for Holding Stick (Minor) at 7:15, Brandon Dubinsky (SJS) for Holding (Minor) at 18:55
Goalie Stats
Philipp Grubauer (TB.), 35 saves from 37 shots - (0.946), L, 9-6-1, 58:49 minutes
Ryan Miller (SJS), 24 saves from 25 shots - (0.960), W, 10-3-5, 60:00 minutes
Players Stats for Lightning
Player Name G A P +/- PIM S H SB GA TA FO MP PP MP PK MP
------------------------------------------------------------------------------------
Ben Lovejoy 0 0 0 -1 0 1 2 2 1 0 0/0 28:41 4:28 3:39
Brian Flynn 0 1 1 1 0 0 0 1 0 0 3/5 8:01 0:00 0:00
Clarke MacArthur 0 0 0 0 2 0 1 1 0 0 0/0 12:08 0:00 1:22
Henrik Zetterberg 0 0 0 -1 0 4 3 1 2 0 1/1 22:06 4:25 3:24
Jean-Gabriel Pageau 0 0 0 0 0 2 0 1 0 0 5/13 15:03 3:38 0:24
Jesper Fast 0 0 0 1 2 0 0 0 0 0 0/0 9:09 0:19 0:00
Jon Merrill 0 0 0 1 0 1 1 2 0 1 0/0 19:49 4:00 2:24
Jonathan Huberdeau 1 0 1 1 2 5 2 0 1 0 0/0 8:56 0:36 0:18
Jordin Tootoo 0 0 0 0 0 1 1 0 0 0 0/0 11:31 0:44 0:00
Justin Schultz 0 0 0 -1 0 1 3 2 0 0 0/0 28:41 4:28 3:39
Kevin Marshall 0 0 0 0 0 0 0 1 0 0 0/0 11:30 0:33 0:00
Ladislav Smid 0 1 1 1 0 0 3 0 0 1 0/0 19:49 4:00 2:24
Linus Omark 0 0 0 0 0 1 2 0 1 1 0/0 14:45 3:41 0:03
Mark Scheifele 0 0 0 -1 0 2 2 0 0 0 13/21 21:26 4:36 1:44
Niclas Bergfors 0 0 0 0 2 1 3 1 0 0 1/4 17:15 3:41 1:44
Rasmus Ristolainen 0 0 0 0 0 0 1 1 0 1 0/0 11:30 0:33 0:00
Stephen Weiss 0 0 0 0 0 2 2 0 0 1 2/11 11:34 0:47 0:00
Tyler Johnson 0 0 0 -1 0 4 2 1 1 0 4/5 21:52 4:36 2:59
Players Stats for Sharks
Player Name G A P +/- PIM S H SB GA TA FO MP PP MP PK MP
------------------------------------------------------------------------------------
Andrej Sekera 0 0 0 0 0 0 0 0 0 2 0/0 15:36 0:00 3:46
Bobby Butler 0 0 0 0 0 1 3 0 0 0 0/0 10:49 0:00 0:00
Boone Jenner 0 0 0 0 0 2 0 0 0 0 3/3 8:47 0:00 2:00
Brandon Dubinsky 0 1 1 1 2 5 2 0 1 0 1/2 18:49 2:49 3:13
Brayden McNabb 0 0 0 0 0 2 1 1 0 2 0/0 12:25 0:00 1:12
Drew Doughty 0 0 0 0 0 7 3 1 1 0 0/0 28:38 3:18 4:03
Jason Spezza 1 0 1 -1 0 4 3 0 0 0 18/36 21:50 3:14 4:27
Jiri Tlusty 0 0 0 0 0 0 0 0 0 0 0/0 6:03 0:00 0:00
Joni Pitkanen 0 0 0 0 0 0 1 0 0 0 0/0 14:46 2:45 0:12
Luke Adam 0 0 0 0 0 0 0 1 0 0 1/4 10:49 0:00 0:00
Mike Cammalleri 0 0 0 -1 0 0 2 0 0 0 1/1 20:08 3:14 2:46
Milan Michalek 0 0 0 0 0 2 1 0 0 0 1/2 10:59 0:00 0:10
Nick Palmieri 0 1 1 -1 6 7 0 2 1 0 1/1 19:53 3:14 1:48
Oskar Osala 1 0 1 1 0 3 1 0 0 0 0/1 15:54 2:49 0:00
PK Subban 0 1 1 0 0 0 3 1 1 0 0/0 23:29 3:18 5:03
T.J. Hensick 0 0 0 1 2 2 0 1 0 1 5/10 16:47 2:49 0:48
Tyler Cuma 0 0 0 0 0 1 0 1 1 1 0/0 25:06 2:45 3:46
Zach Boychuk 0 0 0 0 0 1 0 0 0 0 0/0 10:07 0:00 2:50
3 Stars
1 - Ryan Miller (SJS)
2 - Philipp Grubauer (TB.)
3 - Oskar Osala (SJS)
Power Play
Lightning - 0 on 5 Attempt(s) - 0.00%
Sharks - 1 on 4 Attempt(s) - 25.00%
Penalty Kill
Lightning - 3 on 4 Attempt(s) - 75.00%
- Score 0 goal in Penalty Kill
Sharks - 5 on 5 Attempt(s) - 100.00%
- Score 0 goal in Penalty Kill
Team Stat
Lightning - Hits : 28 - Faceoff Wins : 29 - Blocked Shots : 14 - Penalty Minutes : 8
Sharks - Hits : 20 - Faceoff Wins : 31 - Blocked Shots : 8 - Penalty Minutes : 10
Official
Referees : Unknown
Linesman : Unknown
Game Notes
No Game Note
Finance
Level 1 -- Attendance: 4488 (74.80%) -- Ticket Income $516,120
Level 2 -- Attendance: 3826 (76.52%) -- Ticket Income $286,950
Level 3 -- Attendance: 1318 (65.90%) -- Ticket Income $65,900
Level 4 -- Attendance: 3252 (81.30%) -- Ticket Income $97,560
Luxury Box -- Attendance: 697 (69.70%) -- Ticket Income $146,370
Game was played at the Hockey Place Center.
Total Attendance: 13581 (75.45%)
Total Ticket Income: $1,112,900
Other Income: $166,935
Total Income: $1,279,835
Lightning
5 vs 5 Forward
Center Left Wing Right Wing Time % Phy DF OF
1 Mark Scheifele Henrik Zetterberg Tyler Johnson 40 1 2 2
2 Jean-Gabriel Pageau Linus Omark Niclas Bergfors 30 1 2 2
3 Stephen Weiss Clarke MacArthur Jordin Tootoo 20 1 2 2
4 Brian Flynn Jonathan Huberdeau Jesper Fast 10 1 2 2
5 vs 5 Defense
Defense Defense Time % Phy DF OF
1 Justin Schultz Ben Lovejoy 40 1 2 2
2 Jon Merrill Ladislav Smid 30 1 2 2
3 Rasmus Ristolainen Kevin Marshall 20 1 2 2
4 Justin Schultz Ben Lovejoy 10 1 2 2
PowerPlay Forward
Center Left Wing Right Wing Time % Phy DF OF
1 Mark Scheifele Henrik Zetterberg Tyler Johnson 60 1 2 2
2 Jean-Gabriel Pageau Linus Omark Niclas Bergfors 40 1 2 2
PowerPlay Defense
Defense Defense Time % Phy DF OF
1 Justin Schultz Ben Lovejoy 60 1 2 2
2 Jon Merrill Ladislav Smid 40 1 2 2
Penalty Kill 4 Players Forward
Center Wing Time % Phy DF OF
1 Tyler Johnson Henrik Zetterberg 60 1 2 2
2 Niclas Bergfors Mark Scheifele 40 1 2 2
Penalty Kill 4 Players Defense
Defense Defense Time % Phy DF OF
1 Justin Schultz Ben Lovejoy 60 1 2 2
2 Jon Merrill Ladislav Smid 40 1 2 2
Penalty Kill - 3 Players Forward
Forward Time % Phy DF OF
1 Tyler Johnson 60 1 2 2
2 Henrik Zetterberg 40 1 2 2
Penalty Kill - 3 Players Defense
Defense Defense Time % Phy DF OF
1 Justin Schultz Ben Lovejoy 60 1 2 2
2 Jon Merrill Ladislav Smid 40 1 2 2
4 vs 4 Forward
Center Wing Time % Phy DF OF
1 Tyler Johnson Henrik Zetterberg 60 1 2 2
2 Niclas Bergfors Mark Scheifele 40 1 2 2
4 vs 4 Defense
Defense Defense Time % Phy DF OF
1 Justin Schultz Ben Lovejoy 60 1 2 2
2 Jon Merrill Ladislav Smid 40 1 2 2
Last Minutes Offensive
Center Left Wing Right Wing Defense Defense
Mark Scheifele Henrik Zetterberg Tyler Johnson Justin Schultz Ben Lovejoy
Last Minutes Defensive
Center Left Wing Right Wing Defense Defense
Mark Scheifele Henrik Zetterberg Tyler Johnson Justin Schultz Ben Lovejoy
Goaltenders
Starting : Philipp Grubauer
Backup : Jhonas Enroth
Extra Forwards
Normal : Stephen Weiss, Jordin Tootoo, Clarke MacArthur - PP : Stephen Weiss, Jordin Tootoo - PK : Clarke MacArthur
Extra Defensemen
Normal : Rasmus Ristolainen, Kevin Marshall, Jon Merrill - PP : Rasmus Ristolainen - PK : Kevin Marshall, Jon Merrill
Penalty Shots
Tyler Johnson, Henrik Zetterberg, Niclas Bergfors, Mark Scheifele, Jean-Gabriel Pageau
Scratches
None
Sharks
5 vs 5 Forward
Center Left Wing Right Wing Time % Phy DF OF
1 Jason Spezza Mike Cammalleri Nick Palmieri 40 1 2 2
2 T.J. Hensick Brandon Dubinsky Oskar Osala 30 1 2 2
3 Luke Adam Milan Michalek Bobby Butler 20 1 2 2
4 Boone Jenner Zach Boychuk Jiri Tlusty 10 1 2 2
5 vs 5 Defense
Defense Defense Time % Phy DF OF
1 Drew Doughty Tyler Cuma 40 1 1 3
2 Andrej Sekera PK Subban 30 1 2 2
3 Joni Pitkanen Brayden McNabb 20 1 2 2
4 Drew Doughty PK Subban 10 1 2 2
PowerPlay Forward
Center Left Wing Right Wing Time % Phy DF OF
1 Jason Spezza Mike Cammalleri Nick Palmieri 60 1 1 3
2 T.J. Hensick Brandon Dubinsky Oskar Osala 40 1 1 3
PowerPlay Defense
Defense Defense Time % Phy DF OF
1 Drew Doughty PK Subban 60 0 2 3
2 Joni Pitkanen Tyler Cuma 40 0 2 3
Penalty Kill 4 Players Forward
Center Wing Time % Phy DF OF
1 Jason Spezza Nick Palmieri 60 1 4 0
2 Mike Cammalleri Brandon Dubinsky 40 1 4 0
Penalty Kill 4 Players Defense
Defense Defense Time % Phy DF OF
1 Drew Doughty PK Subban 60 1 4 0
2 Andrej Sekera Tyler Cuma 40 1 4 0
Penalty Kill - 3 Players Forward
Forward Time % Phy DF OF
1 Jason Spezza 60 1 4 0
2 Nick Palmieri 40 1 4 0
Penalty Kill - 3 Players Defense
Defense Defense Time % Phy DF OF
1 Drew Doughty Andrej Sekera 60 1 4 0
2 Andrej Sekera Joni Pitkanen 40 1 4 0
4 vs 4 Forward
Center Wing Time % Phy DF OF
1 Jason Spezza Nick Palmieri 60 1 2 2
2 Mike Cammalleri Brandon Dubinsky 40 1 2 2
4 vs 4 Defense
Defense Defense Time % Phy DF OF
1 Drew Doughty Tyler Cuma 60 1 2 2
2 Joni Pitkanen PK Subban 40 1 2 2
Last Minutes Offensive
Center Left Wing Right Wing Defense Defense
Jason Spezza Mike Cammalleri Nick Palmieri Drew Doughty PK Subban
Last Minutes Defensive
Center Left Wing Right Wing Defense Defense
Jason Spezza Milan Michalek Nick Palmieri Drew Doughty Andrej Sekera
Goaltenders
Starting : Ryan Miller
Backup : Tyler Weiman
Extra Forwards
Normal : Milan Michalek, Boone Jenner, Zach Boychuk - PP : Milan Michalek, Boone Jenner - PK : Zach Boychuk
Extra Defensemen
Normal : Andrej Sekera, Tyler Cuma, Brayden McNabb - PP : Tyler Cuma - PK : Brayden McNabb, Tyler Cuma
Penalty Shots
Jason Spezza, Nick Palmieri, Mike Cammalleri, Brandon Dubinsky, Milan Michalek
Scratches
David Rundblad (Healthy)
% Time on Ice - Lightning
Lines # - Real PCT - Wanted PCT - Time Play
Normal Forward
1 - 32% - 40% - 14:07
2 - 26% - 30% - 11:51
3 - 24% - 20% - 10:47
4 - 18% - 10% - 8:01
Normal Defense
1 - 40% - 40% - 17:46
2 - 30% - 30% - 13:25
3 - 24% - 20% - 10:57
4 - 6% - 10% - 2:38
PP Forward
1 - 59% - 60% - 5:20
2 - 41% - 40% - 3:41
PP Defense
1 - 56% - 60% - 5:01
2 - 44% - 40% - 4:00
PK Forward
1 - 71% - 60% - 4:12
2 - 29% - 40% - 1:44
PK Defense
1 - 60% - 60% - 3:32
2 - 40% - 40% - 2:24
PK3 Forward
1 - 100% - 60% - 0:07
2 - 0% - 40% - 0:00
PK3 Defense
1 - 100% - 60% - 0:07
2 - 0% - 40% - 0:00
44 Forward
1 - 0% - 60%
2 - 0% - 40%
44 Defense
1 - 0% - 60%
2 - 0% - 40%
Last Minute Offensive - 0:10
Last Minute Defensive - 0:00
Total
Forward - 60:00
Defense - 60:00
|
% Time on Ice - Sharks
Lines # - Real PCT - Wanted PCT - Time Play
Normal Forward
1 - 33% - 40% - 14:59
2 - 29% - 30% - 13:05
3 - 24% - 20% - 10:49
4 - 13% - 10% - 6:03
Normal Defense
1 - 41% - 40% - 18:27
2 - 29% - 30% - 13:10
3 - 23% - 20% - 10:29
4 - 6% - 10% - 2:50
PP Forward
1 - 53% - 60% - 3:14
2 - 47% - 40% - 2:49
PP Defense
1 - 55% - 60% - 3:18
2 - 45% - 40% - 2:45
PK Forward
1 - 87% - 60% - 7:53
2 - 13% - 40% - 1:08
PK Defense
1 - 56% - 60% - 5:03
2 - 44% - 40% - 3:58
PK3 Forward
1 - 0% - 60%
2 - 0% - 40%
PK3 Defense
1 - 0% - 60%
2 - 0% - 40%
44 Forward
1 - 0% - 60%
2 - 0% - 40%
44 Defense
1 - 0% - 60%
2 - 0% - 40%
Last Minute Offensive - 0:00
Last Minute Defensive - 0:00
Total
Forward - 60:00
Defense - 60:00
|
Play-by-Play
1st period
0:01 of 1st period - Mark Scheifele wins face-off versus Jason Spezza in neutral zone.
0:35 of 1st period - Wrist shot by Henrik Zetterberg.
0:35 of 1st period - Stopped by Ryan Miller with a rebound.
0:37 of 1st period - Slapshot by Ben Lovejoy.
0:37 of 1st period - Shot Misses the Net.
0:39 of 1st period - Wrist shot by Ben Lovejoy.
0:39 of 1st period - Stopped by Ryan Miller with a rebound.
0:55 of 1st period - Slapshot by Drew Doughty.
0:55 of 1st period - Stopped by Philipp Grubauer with a rebound.
1:17 of 1st period - Snap shot by Mark Scheifele.
1:17 of 1st period - Stopped by Ryan Miller without a rebound.
1:18 of 1st period - Jean-Gabriel Pageau wins face-off versus Oskar Osala in Sharks zone.
1:26 of 1st period - Jon Merrill is hit by PK Subban and loses puck.
1:45 of 1st period - Clarke MacArthur is hit by PK Subban.
1:57 of 1st period - Kevin Marshall is hit by Jason Spezza and loses puck.
2:08 of 1st period - Rasmus Ristolainen is hit by Brayden McNabb and loses puck.
2:22 of 1st period - Icing by Zach Boychuk.
2:23 of 1st period - Boone Jenner wins face-off versus Niclas Bergfors in Sharks zone.
2:58 of 1st period - Snap shot by Brandon Dubinsky.
2:58 of 1st period - Stopped by Philipp Grubauer without a rebound.
2:59 of 1st period - Jason Spezza wins face-off versus Jean-Gabriel Pageau in Lightning zone.
3:32 of 1st period - Wrist shot by Brandon Dubinsky.
3:32 of 1st period - Stopped by Philipp Grubauer with a rebound.
3:34 of 1st period - Snap shot by Brandon Dubinsky.
3:34 of 1st period - Deflect By T.J. Hensick.
3:34 of 1st period - Stopped by Philipp Grubauer without a rebound.
3:35 of 1st period - Jason Spezza wins face-off versus Jean-Gabriel Pageau in Lightning zone.
4:23 of 1st period - Andrej Sekera is hit by Henrik Zetterberg and loses puck.
4:28 of 1st period - Snap shot by Henrik Zetterberg.
4:28 of 1st period - Stopped by Ryan Miller without a rebound.
4:29 of 1st period - Brian Flynn wins face-off versus Jason Spezza in Sharks zone.
4:32 of 1st period - Snap shot by Jonathan Huberdeau.
4:32 of 1st period - Stopped by Ryan Miller without a rebound.
4:33 of 1st period - Jason Spezza wins face-off versus Brian Flynn in Sharks zone.
5:00 of 1st period - Ben Lovejoy is hit by Brandon Dubinsky and loses puck.
5:18 of 1st period - Drew Doughty is hit by Ladislav Smid and loses puck.
5:30 of 1st period - Slapshot by Drew Doughty.
5:30 of 1st period - Deflect By Bobby Butler.
5:30 of 1st period - Stopped by Philipp Grubauer without a rebound.
5:31 of 1st period - Jason Spezza wins face-off versus Stephen Weiss in Lightning zone.
5:44 of 1st period - Wrist shot by Nick Palmieri.
5:44 of 1st period - Shot Blocked by Jon Merrill.
5:58 of 1st period - T.J. Hensick is hit by Tyler Johnson and loses puck.
6:28 of 1st period - Minor Penalty to Niclas Bergfors for Holding Stick.
6:29 of 1st period - Tyler Johnson wins face-off versus Jason Spezza in Lightning zone.
6:39 of 1st period - Wrist shot by Nick Palmieri.
6:39 of 1st period - Stopped by Philipp Grubauer with a rebound.
6:41 of 1st period - Slapshot by Jason Spezza.
6:41 of 1st period - Goal by Jason Spezza - Lightning : 0 - Sharks : 1.
6:42 of 1st period - Jason Spezza wins face-off versus Mark Scheifele in neutral zone.
7:40 of 1st period - Wrist shot by Jonathan Huberdeau.
7:40 of 1st period - Stopped by Ryan Miller without a rebound.
7:41 of 1st period - Henrik Zetterberg wins face-off versus Jason Spezza in Sharks zone.
8:50 of 1st period - Zach Boychuk is hit by Justin Schultz and loses puck.
9:01 of 1st period - Slapshot by Niclas Bergfors.
9:01 of 1st period - Stopped by Ryan Miller with a rebound.
9:11 of 1st period - Kevin Marshall is hit by Joni Pitkanen and loses puck.
9:22 of 1st period - Wrist shot by Drew Doughty.
9:22 of 1st period - Shot Misses the Net.
9:24 of 1st period - Slapshot by Drew Doughty.
9:24 of 1st period - Stopped by Philipp Grubauer without a rebound.
9:25 of 1st period - T.J. Hensick wins face-off versus Stephen Weiss in Lightning zone.
9:28 of 1st period - Slapshot by Brandon Dubinsky.
9:28 of 1st period - Shot Misses the Net.
9:30 of 1st period - Slapshot by Tyler Cuma.
9:30 of 1st period - Shot Misses the Net.
9:32 of 1st period - Snap shot by Drew Doughty.
9:32 of 1st period - Stopped by Philipp Grubauer without a rebound.
9:33 of 1st period - T.J. Hensick wins face-off versus Stephen Weiss in Lightning zone.
10:04 of 1st period - Jason Spezza is hit by Justin Schultz.
10:20 of 1st period - Slapshot by Drew Doughty.
10:20 of 1st period - Stopped by Philipp Grubauer with a rebound.
11:25 of 1st period - Wrist shot by Milan Michalek.
11:25 of 1st period - Deflect By Henrik Zetterberg.
11:25 of 1st period - Stopped by Philipp Grubauer without a rebound.
11:26 of 1st period - Mark Scheifele wins face-off versus Milan Michalek in Lightning zone.
11:33 of 1st period - Wrist shot by Mark Scheifele.
11:33 of 1st period - Stopped by Ryan Miller without a rebound.
11:34 of 1st period - Jason Spezza wins face-off versus Mark Scheifele in Sharks zone.
11:34 of 1st period - Jason Spezza is hit by Henrik Zetterberg.
12:29 of 1st period - Slapshot by Jonathan Huberdeau.
12:29 of 1st period - Stopped by Ryan Miller with a rebound.
12:44 of 1st period - Off-side.
12:45 of 1st period - Boone Jenner wins face-off versus Stephen Weiss in neutral zone.
12:57 of 1st period - Icing by Stephen Weiss.
12:58 of 1st period - Stephen Weiss wins face-off versus Jason Spezza in Lightning zone.
13:21 of 1st period - Wrist shot by Rasmus Ristolainen.
13:21 of 1st period - Shot Misses the Net.
13:41 of 1st period - Slapshot by Stephen Weiss.
13:41 of 1st period - Stopped by Ryan Miller with a rebound.
13:57 of 1st period - Backhand shot by Drew Doughty.
13:57 of 1st period - Shot Blocked by Clarke MacArthur.
13:59 of 1st period - Wrist shot by Brandon Dubinsky.
13:59 of 1st period - Shot Misses the Net.
14:01 of 1st period - Snap shot by Brandon Dubinsky.
14:01 of 1st period - Deflect By Oskar Osala.
14:01 of 1st period - Stopped by Philipp Grubauer without a rebound.
14:02 of 1st period - Jason Spezza wins face-off versus Mark Scheifele in Lightning zone.
14:17 of 1st period - Wrist shot by Jason Spezza.
14:17 of 1st period - Stopped by Philipp Grubauer with a rebound.
14:51 of 1st period - Drew Doughty is hit by Jon Merrill and loses puck.
15:37 of 1st period - Niclas Bergfors is hit by Jason Spezza and loses puck.
15:50 of 1st period - Bobby Butler is hit by Jonathan Huberdeau and loses puck.
16:19 of 1st period - Snap shot by Brandon Dubinsky.
16:19 of 1st period - Stopped by Philipp Grubauer without a rebound.
16:20 of 1st period - Mark Scheifele wins face-off versus T.J. Hensick in Lightning zone.
17:01 of 1st period - Backhand shot by T.J. Hensick.
17:01 of 1st period - Shot Misses the Net.
17:03 of 1st period - Backhand shot by T.J. Hensick.
17:03 of 1st period - Shot Misses the Net.
17:05 of 1st period - Slapshot by Joni Pitkanen.
17:05 of 1st period - Shot Blocked by Tyler Johnson.
17:07 of 1st period - Slapshot by Brayden McNabb.
17:07 of 1st period - Stopped by Philipp Grubauer without a rebound.
17:08 of 1st period - Jason Spezza wins face-off versus Jean-Gabriel Pageau in Lightning zone.
18:48 of 1st period - Justin Schultz is hit by Bobby Butler and loses puck.
18:57 of 1st period - Brayden McNabb is hit by Henrik Zetterberg and loses puck.
19:20 of 1st period - Slapshot by Tyler Johnson.
19:20 of 1st period - Stopped by Ryan Miller without a rebound.
19:21 of 1st period - Jean-Gabriel Pageau wins face-off versus Jason Spezza in Sharks zone.
19:46 of 1st period - PK Subban is hit by Clarke MacArthur and loses puck.
19:53 of 1st period - Wrist shot by Stephen Weiss.
19:53 of 1st period - Stopped by Ryan Miller without a rebound.
19:54 of 1st period - Jason Spezza wins face-off versus Stephen Weiss in Sharks zone.
19:59 of 1st period - Snap shot by Rasmus Ristolainen.
19:59 of 1st period - Shot Blocked by Drew Doughty.
Goals for this period are 0 for Lightning vs 1 for Sharks.
Shots for this period are 12 for Lightning vs 15 for Sharks.
2nd period
0:01 of 2nd period - Jason Spezza wins face-off versus Jean-Gabriel Pageau in neutral zone.
0:26 of 2nd period - Ben Lovejoy is hit by Brandon Dubinsky and loses puck.
0:51 of 2nd period - Slapshot by Clarke MacArthur.
0:51 of 2nd period - Shot Misses the Net.
1:17 of 2nd period - Snap shot by Zach Boychuk.
1:17 of 2nd period - Stopped by Philipp Grubauer without a rebound.
1:18 of 2nd period - Mark Scheifele wins face-off versus Jason Spezza in Lightning zone.
1:36 of 2nd period - Double Minor Penalty to Nick Palmieri for Roughing.
1:37 of 2nd period - Jason Spezza wins face-off versus Mark Scheifele in Sharks zone.
1:37 of 2nd period - Jason Spezza is hit by Ladislav Smid.
1:52 of 2nd period - Snap shot by Mark Scheifele.
1:52 of 2nd period - Shot Misses the Net.
1:54 of 2nd period - Snap shot by Mark Scheifele.
1:54 of 2nd period - Shot Misses the Net.
2:10 of 2nd period - Snap shot by Linus Omark.
2:10 of 2nd period - Stopped by Ryan Miller with a rebound.
3:29 of 2nd period - Ladislav Smid is hit by Mike Cammalleri and loses puck.
3:59 of 2nd period - Drew Doughty is hit by Stephen Weiss and loses puck.
4:08 of 2nd period - Drew Doughty is hit by Stephen Weiss and loses puck.
5:36 of 2nd period - Penalty to Nick Palmieri is over, Nick Palmieri is back on ice.
5:45 of 2nd period - Wrist shot by Brandon Dubinsky.
5:45 of 2nd period - Shot Misses the Net.
5:47 of 2nd period - Snap shot by Boone Jenner.
5:47 of 2nd period - Stopped by Philipp Grubauer with a rebound.
6:03 of 2nd period - Wrist shot by Nick Palmieri.
6:03 of 2nd period - Stopped by Philipp Grubauer with a rebound.
6:05 of 2nd period - Wrist shot by Boone Jenner.
6:05 of 2nd period - Stopped by Philipp Grubauer with a rebound.
6:19 of 2nd period - Wrist shot by Justin Schultz.
6:19 of 2nd period - Deflect By Nick Palmieri.
6:19 of 2nd period - Stopped by Ryan Miller without a rebound.
6:20 of 2nd period - Stephen Weiss wins face-off versus Luke Adam in Sharks zone.
7:01 of 2nd period - Jordin Tootoo is hit by Bobby Butler and loses puck.
8:15 of 2nd period - Wrist shot by T.J. Hensick.
8:15 of 2nd period - Deflect By Zach Boychuk.
8:15 of 2nd period - Shot Misses the Net.
8:15 of 2nd period - Puck is out of play.
8:16 of 2nd period - Tyler Johnson wins face-off versus Jason Spezza in Lightning zone.
8:20 of 2nd period - Off-side.
8:21 of 2nd period - Mark Scheifele wins face-off versus Jason Spezza in neutral zone.
9:00 of 2nd period - Snap shot by Tyler Johnson.
9:00 of 2nd period - Stopped by Ryan Miller without a rebound.
9:01 of 2nd period - Jean-Gabriel Pageau wins face-off versus Luke Adam in Sharks zone.
9:14 of 2nd period - Jean-Gabriel Pageau is hit by Drew Doughty and loses puck.
9:34 of 2nd period - Slapshot by PK Subban.
9:34 of 2nd period - Shot Misses the Net.
9:36 of 2nd period - Slapshot by T.J. Hensick.
9:36 of 2nd period - Shot Blocked by Ben Lovejoy.
10:14 of 2nd period - Slapshot by Mark Scheifele.
10:14 of 2nd period - Shot Misses the Net.
10:47 of 2nd period - Minor Penalty to Clarke MacArthur for Holding.
10:48 of 2nd period - Jason Spezza wins face-off versus Tyler Johnson in Lightning zone.
11:23 of 2nd period - Off-side.
11:24 of 2nd period - T.J. Hensick wins face-off versus Niclas Bergfors in neutral zone.
12:39 of 2nd period - Minor Penalty to Jonathan Huberdeau for Tripping.
12:40 of 2nd period - Tyler Johnson wins face-off versus T.J. Hensick in Lightning zone.
12:47 of 2nd period - Penalty to Clarke MacArthur is over, Clarke MacArthur is back on ice.
13:15 of 2nd period - Slapshot by Drew Doughty.
13:15 of 2nd period - Shot Misses the Net.
14:09 of 2nd period - Justin Schultz is hit by Oskar Osala and loses puck.
14:20 of 2nd period - Snap shot by Niclas Bergfors.
14:20 of 2nd period - Deflect By Mark Scheifele.
14:20 of 2nd period - Shot Blocked by PK Subban.
14:20 of 2nd period - Puck is out of play.
14:21 of 2nd period - Niclas Bergfors wins face-off versus Jason Spezza in Sharks zone.
14:39 of 2nd period - Penalty to Jonathan Huberdeau is over, Jonathan Huberdeau is back on ice.
15:14 of 2nd period - Off-side.
15:15 of 2nd period - Mark Scheifele wins face-off versus Brandon Dubinsky in neutral zone.
15:18 of 2nd period - T.J. Hensick is hit by Tyler Johnson and loses puck.
15:25 of 2nd period - Wrist shot by Tyler Johnson.
15:25 of 2nd period - Stopped by Ryan Miller with a rebound.
15:48 of 2nd period - PK Subban is hit by Ladislav Smid and loses puck.
16:13 of 2nd period - Wrist shot by Milan Michalek.
16:13 of 2nd period - Shot Blocked by Rasmus Ristolainen.
16:19 of 2nd period - Minor Penalty to Jesper Fast for Roughing.
16:20 of 2nd period - Tyler Johnson wins face-off versus Jason Spezza in Lightning zone.
17:56 of 2nd period - Henrik Zetterberg is hit by PK Subban and loses puck.
18:17 of 2nd period - Drew Doughty is hit by Mark Scheifele and loses puck.
18:19 of 2nd period - Penalty to Jesper Fast is over, Jesper Fast is back on ice.
18:38 of 2nd period - Mark Scheifele is hit by Milan Michalek and loses puck.
19:06 of 2nd period - Icing by Mark Scheifele.
19:07 of 2nd period - Jason Spezza wins face-off versus Niclas Bergfors in Lightning zone.
19:08 of 2nd period - Wrist shot by Nick Palmieri.
19:08 of 2nd period - Stopped by Philipp Grubauer without a rebound.
19:09 of 2nd period - Jason Spezza wins face-off versus Stephen Weiss in Lightning zone.
19:26 of 2nd period - Jordin Tootoo is hit by Jason Spezza and loses puck.
19:43 of 2nd period - Snap shot by Jonathan Huberdeau.
19:43 of 2nd period - Stopped by Ryan Miller without a rebound.
19:44 of 2nd period - Brian Flynn wins face-off versus T.J. Hensick in Sharks zone.
19:53 of 2nd period - Wrist shot by Oskar Osala.
19:53 of 2nd period - Stopped by Philipp Grubauer with a rebound.
19:59 of 2nd period - Slapshot by Brandon Dubinsky.
19:59 of 2nd period - Shot Blocked by Brian Flynn.
Goals for this period are 0 for Lightning vs 0 for Sharks.
Shots for this period are 5 for Lightning vs 6 for Sharks.
3rd period
0:01 of 3rd period - Nick Palmieri wins face-off versus Mark Scheifele in neutral zone.
0:26 of 3rd period - Oskar Osala is hit by Linus Omark and loses puck.
0:35 of 3rd period - Snap shot by Linus Omark.
0:35 of 3rd period - Shot Misses the Net.
0:37 of 3rd period - Slapshot by Jon Merrill.
0:37 of 3rd period - Shot Misses the Net.
0:39 of 3rd period - Slapshot by Linus Omark.
0:39 of 3rd period - Shot Hit the Post.
1:36 of 3rd period - Boone Jenner is hit by Mark Scheifele.
2:19 of 3rd period - Snap shot by Bobby Butler.
2:19 of 3rd period - Shot Blocked by Justin Schultz.
2:21 of 3rd period - Backhand shot by Milan Michalek.
2:21 of 3rd period - Stopped by Philipp Grubauer with a rebound.
2:41 of 3rd period - Minor Penalty to Nick Palmieri for High sticking.
2:42 of 3rd period - Mark Scheifele wins face-off versus Jason Spezza in Sharks zone.
2:56 of 3rd period - Snap shot by Mark Scheifele.
2:56 of 3rd period - Shot Misses the Net.
2:58 of 3rd period - Slapshot by Jon Merrill.
2:58 of 3rd period - Deflect By Zach Boychuk.
2:58 of 3rd period - Stopped by Ryan Miller without a rebound.
2:59 of 3rd period - Mark Scheifele wins face-off versus Jason Spezza in Sharks zone.
4:41 of 3rd period - Penalty to Nick Palmieri is over, Nick Palmieri is back on ice.
4:54 of 3rd period - Wrist shot by Milan Michalek.
4:54 of 3rd period - Shot Misses the Net.
4:56 of 3rd period - Slapshot by Brayden McNabb.
4:56 of 3rd period - Stopped by Philipp Grubauer with a rebound.
5:25 of 3rd period - Wrist shot by Jordin Tootoo.
5:25 of 3rd period - Stopped by Ryan Miller without a rebound.
5:26 of 3rd period - Boone Jenner wins face-off versus Brian Flynn in Sharks zone.
5:31 of 3rd period - Snap shot by Joni Pitkanen.
5:31 of 3rd period - Shot Misses the Net.
5:33 of 3rd period - Wrist shot by Boone Jenner.
5:33 of 3rd period - Shot Blocked by Ben Lovejoy.
6:09 of 3rd period - Slapshot by Tyler Cuma.
6:09 of 3rd period - Stopped by Philipp Grubauer without a rebound.
6:10 of 3rd period - Jason Spezza wins face-off versus Jean-Gabriel Pageau in Lightning zone.
6:35 of 3rd period - Drew Doughty is hit by Niclas Bergfors and loses puck.
6:46 of 3rd period - Wrist shot by Nick Palmieri.
6:46 of 3rd period - Stopped by Philipp Grubauer with a rebound.
6:48 of 3rd period - Slapshot by PK Subban.
6:48 of 3rd period - Shot Blocked by Kevin Marshall.
6:50 of 3rd period - Slapshot by Andrej Sekera.
6:50 of 3rd period - Shot Misses the Net.
6:52 of 3rd period - Slapshot by Jason Spezza.
6:52 of 3rd period - Stopped by Philipp Grubauer without a rebound.
6:53 of 3rd period - Mark Scheifele wins face-off versus T.J. Hensick in Lightning zone.
7:15 of 3rd period - Minor Penalty to T.J. Hensick for Holding Stick.
7:16 of 3rd period - Mark Scheifele wins face-off versus Jason Spezza in Sharks zone.
7:21 of 3rd period - Wrist shot by Tyler Johnson.
7:21 of 3rd period - Shot Blocked by Nick Palmieri.
7:43 of 3rd period - Drew Doughty is hit by Niclas Bergfors.
7:54 of 3rd period - Icing by Niclas Bergfors.
7:55 of 3rd period - Mike Cammalleri wins face-off versus Jean-Gabriel Pageau in Lightning zone.
7:56 of 3rd period - Wrist shot by Brandon Dubinsky.
7:56 of 3rd period - Stopped by Philipp Grubauer with a rebound.
8:16 of 3rd period - Andrej Sekera is hit by Niclas Bergfors.
8:55 of 3rd period - Jason Spezza is hit by Ben Lovejoy and loses puck.
9:15 of 3rd period - Penalty to T.J. Hensick is over, T.J. Hensick is back on ice.
9:23 of 3rd period - Drew Doughty is hit by Rasmus Ristolainen and loses puck.
10:06 of 3rd period - Snap shot by Jesper Fast.
10:06 of 3rd period - Shot Blocked by Brayden McNabb.
10:08 of 3rd period - Slapshot by Kevin Marshall.
10:08 of 3rd period - Deflect By Linus Omark.
10:08 of 3rd period - Shot Blocked by T.J. Hensick.
10:08 of 3rd period - Puck is out of play.
10:09 of 3rd period - Brandon Dubinsky wins face-off versus Jean-Gabriel Pageau in Sharks zone.
10:18 of 3rd period - Slapshot by Joni Pitkanen.
10:18 of 3rd period - Shot Blocked by Niclas Bergfors.
10:20 of 3rd period - Wrist shot by Oskar Osala.
10:20 of 3rd period - Shot Blocked by Jean-Gabriel Pageau.
10:34 of 3rd period - Jason Spezza is hit by Jordin Tootoo and loses puck.
11:13 of 3rd period - Wrist shot by Drew Doughty.
11:13 of 3rd period - Deflect By Linus Omark.
11:13 of 3rd period - Stopped by Philipp Grubauer with a rebound.
11:21 of 3rd period - Tyler Cuma is hit by Linus Omark and loses puck.
11:51 of 3rd period - Clarke MacArthur is hit by Drew Doughty and loses puck.
11:57 of 3rd period - Off-side.
11:58 of 3rd period - T.J. Hensick wins face-off versus Mark Scheifele in neutral zone.
12:05 of 3rd period - Slapshot by Brandon Dubinsky.
12:05 of 3rd period - Stopped by Philipp Grubauer with a rebound.
12:17 of 3rd period - Snap shot by Oskar Osala.
12:17 of 3rd period - Goal by Oskar Osala - Lightning : 0 - Sharks : 2.
12:18 of 3rd period - Mark Scheifele wins face-off versus Jason Spezza in neutral zone.
12:43 of 3rd period - T.J. Hensick is hit by Ben Lovejoy.
12:49 of 3rd period - Slapshot by Niclas Bergfors.
12:49 of 3rd period - Deflect By Jean-Gabriel Pageau.
12:49 of 3rd period - Stopped by Ryan Miller without a rebound.
12:50 of 3rd period - Jean-Gabriel Pageau wins face-off versus Jason Spezza in Sharks zone.
12:51 of 3rd period - Wrist shot by Niclas Bergfors.
12:51 of 3rd period - Shot Misses the Net.
13:40 of 3rd period - Slapshot by Drew Doughty.
13:40 of 3rd period - Stopped by Philipp Grubauer with a rebound.
13:42 of 3rd period - Snap shot by Tyler Cuma.
13:42 of 3rd period - Deflect By Oskar Osala.
13:42 of 3rd period - Shot Blocked by Justin Schultz.
13:42 of 3rd period - Puck is out of play.
13:43 of 3rd period - Brian Flynn wins face-off versus Jason Spezza in Lightning zone.
14:24 of 3rd period - Wrist shot by Jesper Fast.
14:24 of 3rd period - Shot Blocked by Nick Palmieri.
14:32 of 3rd period - PK Subban is hit by Jonathan Huberdeau and loses puck.
14:47 of 3rd period - Wrist shot by Brian Flynn.
14:47 of 3rd period - Shot Misses the Net.
14:49 of 3rd period - Snap shot by Jonathan Huberdeau.
14:49 of 3rd period - Goal by Jonathan Huberdeau - Lightning : 1 - Sharks : 2.
14:50 of 3rd period - Mark Scheifele wins face-off versus T.J. Hensick in neutral zone.
14:55 of 3rd period - Slapshot by Tyler Johnson.
14:55 of 3rd period - Stopped by Ryan Miller without a rebound.
14:56 of 3rd period - T.J. Hensick wins face-off versus Mark Scheifele in Sharks zone.
15:03 of 3rd period - Slapshot by Tyler Cuma.
15:03 of 3rd period - Shot Blocked by Henrik Zetterberg.
15:25 of 3rd period - Slapshot by Henrik Zetterberg.
15:25 of 3rd period - Stopped by Ryan Miller with a rebound.
15:27 of 3rd period - Slapshot by Tyler Johnson.
15:27 of 3rd period - Shot Misses the Net.
15:31 of 3rd period - Wrist shot by Tyler Johnson.
15:31 of 3rd period - Shot Blocked by Tyler Cuma.
15:53 of 3rd period - Snap shot by Mark Scheifele.
15:53 of 3rd period - Shot Blocked by Luke Adam.
16:15 of 3rd period - Snap shot by Jason Spezza.
16:15 of 3rd period - Shot Misses the Net.
16:17 of 3rd period - Wrist shot by Jason Spezza.
16:17 of 3rd period - Stopped by Philipp Grubauer with a rebound.
16:19 of 3rd period - Wrist shot by Nick Palmieri.
16:19 of 3rd period - Stopped by Philipp Grubauer without a rebound.
16:20 of 3rd period - Jason Spezza wins face-off versus Stephen Weiss in Lightning zone.
16:24 of 3rd period - Icing by Clarke MacArthur.
16:25 of 3rd period - Jason Spezza wins face-off versus Stephen Weiss in Lightning zone.
16:36 of 3rd period - Snap shot by Mike Cammalleri.
16:36 of 3rd period - Shot Blocked by Jon Merrill.
16:38 of 3rd period - Snap shot by Nick Palmieri.
16:38 of 3rd period - Shot Misses the Net.
16:40 of 3rd period - Snap shot by Nick Palmieri.
16:40 of 3rd period - Stopped by Philipp Grubauer without a rebound.
16:41 of 3rd period - Luke Adam wins face-off versus Jean-Gabriel Pageau in Lightning zone.
16:42 of 3rd period - Backhand shot by Drew Doughty.
16:42 of 3rd period - Stopped by Philipp Grubauer without a rebound.
16:43 of 3rd period - Jean-Gabriel Pageau wins face-off versus Luke Adam in Lightning zone.
16:43 of 3rd period - Jean-Gabriel Pageau is hit by Bobby Butler.
17:17 of 3rd period - Snap shot by Jean-Gabriel Pageau.
17:17 of 3rd period - Stopped by Ryan Miller without a rebound.
17:18 of 3rd period - Jason Spezza wins face-off versus Stephen Weiss in Sharks zone.
17:18 of 3rd period - Jason Spezza is hit by Justin Schultz.
17:32 of 3rd period - Slapshot by Nick Palmieri.
17:32 of 3rd period - Stopped by Philipp Grubauer with a rebound.
17:50 of 3rd period - Icing by Drew Doughty.
17:51 of 3rd period - Milan Michalek wins face-off versus Mark Scheifele in Sharks zone.
17:58 of 3rd period - Mark Scheifele is hit by Drew Doughty and loses puck.
18:19 of 3rd period - Wrist shot by Brandon Dubinsky.
18:19 of 3rd period - Deflect By T.J. Hensick.
18:19 of 3rd period - Stopped by Philipp Grubauer with a rebound.
18:49 of 3rd period - Lightning , Philipp Grubauer is pulled from the net.
18:53 of 3rd period - Wrist shot by Henrik Zetterberg.
18:53 of 3rd period - Stopped by Ryan Miller with a rebound.
18:55 of 3rd period - Minor Penalty to Brandon Dubinsky for Holding.
18:56 of 3rd period - Mark Scheifele wins face-off versus Jason Spezza in Sharks zone.
18:57 of 3rd period - Wrist shot by Henrik Zetterberg.
18:57 of 3rd period - Shot Misses the Net.
19:28 of 3rd period - Linus Omark is hit by Mike Cammalleri and loses puck.
Goals for this period are 1 for Lightning vs 1 for Sharks.
Shots for this period are 8 for Lightning vs 16 for Sharks.